 Dungeon Crawl Stone Soup version 0.20-a0-1109-ge3cd172 (webtiles) character file.

13224 kuniqs the Fighter (level 12, 0/97 HPs)
             Began as a Gnoll Berserker on May 5, 2017.
             Was a High Priest of Trog.
             Slain by an eight-headed hydra (7 damage)
             ... on level 11 of the Dungeon.
             The game lasted 00:17:02 (10402 turns).

kuniqs the Fighter (Gnoll Berserker)               Turns: 10402, Time: 00:17:03

Health: 0/97       AC: 19    Str: 26    XL:     12   Next: 3%
Magic:  17/17      EV: 13    Int:  9    God:    Trog [*****.]
Gold:   789        SH:  0    Dex: 15    Spells: 11/11 levels left

rFire    . . .     SeeInvis .   T - +3 great sword
rCold    . . .     Gourm    .   (shield currently unavailable)
rNeg     . . .     Faith    .   B - +4 plate armour of Nireileb {rElec Regen+ Str+6 Stlth-}
rPois    .         Spirit   .   a - +0 helmet
rElec    +         Reflect  .   H - +0 cloak
rCorr    +         Harm     .   (no gloves)
MR       .....                  (no boots)
Stlth    ..........             (no amulet)
Regen    0.7/turn               l - ring of resist corrosion
MPRegen  0.2/turn               (no ring)

@: corroded
A: short attention span, fangs 1, icy blue scales 1, strong 1, strong nose
a: Berserk, Trog's Hand, Brothers in Arms, Burn Spellbooks, Renounce Religion


You were on level 11 of the Dungeon.
You worshipped Trog.
Trog was extremely pleased with you.
You were not hungry.

You visited 1 branch of the dungeon, and saw 11 of its levels.

You collected 789 gold pieces.

Inventory:

Hand Weapons
 n - a +0 falchion of holy wrath
 T - a +3 great sword (weapon)
Missiles
 c - 4 tomahawks of returning (quivered)
 E - a throwing net
 I - 4 poisoned javelins
Armour
 a - a +0 helmet (worn)
 B - the +4 plate armour of Nireileb (worn) {rElec Regen+ Str+6 Stlth-}
   (You found it on level 7 of the Dungeon)

   It affects your strength (+6).
   It insulates you from electricity.
   It increases your rate of regeneration.
   It makes you less stealthy.
 H - a +0 cloak (worn)
 Q - a +0 shield
Jewellery
 l - a ring of resist corrosion (left hand)
Wands
 g - a wand of polymorph (12/24)
 s - a wand of polymorph (15/24)
 D - a wand of paralysis (19/24)
 J - a wand of acid (0/15)
Scrolls
 h - 7 scrolls of teleportation
 i - a scroll of enchant weapon
 j - a scroll of remove curse {@r2}
 k - 3 scrolls of fog
 q - a scroll of magic mapping
 r - 3 scrolls of immolation
 t - a scroll of blinking
 u - a scroll of recharging
 y - a scroll of fear
 G - a scroll of brand weapon
 L - a scroll of enchant armour
 P - a scroll of silence
Potions
 b - a potion of degeneration {unknown}
 o - 3 potions of agility
 p - a potion of might
 v - a potion of ambrosia
 w - a potion of berserk rage
 x - 7 potions of curing {@q1}
 z - 2 potions of flight
 C - a potion of lignification
 K - a potion of haste
 M - a potion of mutation
 N - a potion of experience {unknown}
Books
 R - a book of Minor Magic

   Spells                             Type                      Level
   a - Magic Dart                     Conjuration                  1
   b - Blink                          Translocation                2
   c - Call Imp                       Summoning                    2
   d - Slow                           Hexes                        2
   e - Conjure Flame                  Conjuration/Fire             3
   f - Mephitic Cloud                 Conjuration/Poison/Air       3
   Trog disapproves of the use of such an item.
Miscellaneous
 S - a fan of gales (inert)
Comestibles
 d - 5 bread rations
 e - 9 meat rations
 f - 9 fruits
 A - 9 chunks of flesh
 O - a royal jelly


   Skills:
 + Level 9.6 Fighting
 + Level 9.5 Long Blades
 + Level 9.4 Throwing
 + Level 9.4 Armour
 + Level 9.6 Dodging
 + Level 3.6 Shields
 + Level 7.5 Evocations


You had 11 spell levels left.
You didn't know any spells.

Dungeon Overview and Level Annotations

Branches:
Dungeon (11/15)            Temple (0/1) D:5            Lair (0/6) D:9
    Orc: D:9-12

Altars:
Elyvilon
Fedhas
Gozag
Hepliaklqana
Kikubaaqudgha
Makhleb
Qazlal
Trog
Uskayaw
Vehumet
Wu Jian
Yredelemnul
The Shining One

Shops:
D:7 *

Annotations:
D:11 Maurice


Innate Abilities, Weirdness & Mutations

You have a short attention span.
You have very sharp teeth.
Your uncanny sense of smell can sniff out nearby items.
You are partially covered in icy blue scales. (AC +2)
Your muscles are strong. (Str +2)


Message History

The tomahawk of returning returns to your pack!
The eight-headed hydra barely misses you.
The eight-headed hydra bites you but does no damage.
The eight-headed hydra barely misses you.
The eight-headed hydra bites you.
* * * LOW HITPOINT WARNING * * *
The eight-headed hydra closely misses you. x2
The eight-headed hydra bites you.
* * * LOW HITPOINT WARNING * * *
The eight-headed hydra completely misses you.
Maurice hits you but does no damage.
Aim: an eight-headed hydra (almost dead, covered in acid)
You throw a tomahawk of returning.
The tomahawk of returning hits the eight-headed hydra.
The tomahawk of returning returns to your pack!
The eight-headed hydra bites you but does no damage. x2
The eight-headed hydra closely misses you.
The eight-headed hydra bites you but does no damage.
The eight-headed hydra bites you!
You die...

#.......######..........
#......(+....#..........
#.......#....#.......(##
#.......#....#........##
#.......#..†.#..........
#.......#....#.##.......
#.#####.#....'.##.......
#D@....#..........
#.#####@#....#######...^
#.......#....# ....#####
#.......##'####....##...
#.#####.#..........##...
#.#...[[.....##...
#.#####.+....[.....##...
#.......###'############
#.......................
#..#............#.......


You could see an eight-headed hydra and Maurice.

Vanquished Creatures
  The ghost of MydosGodOfBeginnings the Geomancer, a novice DgEE (D:10)
  A centaur warrior (D:10)
  3 two-headed ogres
  The ghost of Leszczynek the Grappler, a novice VSWn of Makhleb (D:7)
  Prince Ribbit (D:8)
  2 hippogriffs
  Sigmund (D:2)
  7 yaks
  2 basilisks (D:9)
  3 hungry ghosts
  Menkaure (D:5)
  3 porcupines (D:9)
  3 sky beasts
  3 orc warriors
  A phantom (D:9)
  2 ice beasts
  4 necrophages
  15 ogres
  3 centaurs
  2 crocodiles (D:9)
  A big kobold (D:11)
  5 bullfrogs
  A wyvern zombie (D:6)
  A wyvern skeleton (D:3)
  6 scorpions
  8 killer bees
  16 wights
  7 electric eels
  A centaur zombie (D:7)
  4 crimson imps
  2 bullfrog zombies
  7 hounds
  5 gnoll shamans (D:9)
  6 orc priests
  A bullfrog skeleton (D:9)
  2 centaur skeletons
  7 iguanas
  9 orc wizards
  4 worker ants
  A hound zombie (D:6)
  Robin (D:2)
  10 gnolls (D:9)
  6 adders
  3 shadow imps
  An ooze (D:5)
  2 adder zombies
  3 adder skeletons (D:8)
  A worm (D:3)
  A dart slug (D:1)
  8 leopard geckos
  35 orcs
  6 bats
  2 giant cockroaches
  15 goblins
  15 hobgoblins
  4 jackals
  7 quokkas
  A ball python (D:2)
  6 frilled lizards
  A jackal skeleton (D:8)
  8 kobolds
  A quokka skeleton (D:7)
  4 rats
  A plant (D:9)
295 creatures vanquished.

Vanquished Creatures (others)
  An adder skeleton (D:7)
  A bush (D:6)
  8 fungi (D:9)
  12 plants
22 creatures vanquished.

Grand Total: 317 creatures vanquished

Notes
Turn   | Place    | Note
-------+----------+-------------------------------------------
     0 | D:1      | kuniqs the Gnoll Berserker began the quest for the Orb.
     0 | D:1      | Reached XP level 1. HP: 20/20 MP: 1/1
   197 | D:1      | Reached skill level 1 in Throwing
   226 | D:1      | Reached XP level 2. HP: 26/26 MP: 2/2
   594 | D:1      | Reached skill level 5 in Fighting
   815 | D:2      | Reached XP level 3. HP: 33/33 MP: 3/3
   895 | D:2      | Reached ** piety under Trog
   899 | D:2      | Noticed Sigmund
   911 | D:2      | Killed Sigmund
   911 | D:2      | Reached skill level 5 in Long Blades
   911 | D:2      | Reached skill level 5 in Armour
   911 | D:2      | Reached XP level 4. HP: 40/40 MP: 4/4
   911 | D:2      | Reached XP level 5. HP: 46/46 MP: 5/5
  1222 | D:2      | Noticed Robin
  1243 | D:2      | Killed Robin
  1667 | D:3      | Reached skill level 5 in Dodging
  1667 | D:3      | Reached XP level 6. HP: 52/52 MP: 6/6
  2108 | D:3      | Reached skill level 5 in Throwing
  2440 | D:4      | Reached *** piety under Trog
  2713 | D:4      | Reached XP level 7. HP: 59/59 MP: 7/7
  2738 | D:4      | Found a burning altar of Makhleb.
  3228 | D:4      | Received a gift from Trog
  3266 | D:4      | Found an opulent altar of Gozag.
  3557 | D:5      | Entered Level 5 of the Dungeon
  3630 | D:5      | Found a radiant altar of Vehumet.
  3924 | D:5      | Found a staircase to the Ecumenical Temple.
  3982 | D:5      | Found a hazy altar of Hepliaklqana.
  3987 | D:5      | Reached XP level 8. HP: 67/67 MP: 8/8
  4471 | D:5      | Noticed Menkaure
  4480 | D:5      | Killed Menkaure
  5504 | D:6      | Found a blossoming altar of Fedhas.
  5615 | D:6      | Reached XP level 9. HP: 74/74 MP: 9/9
  5729 | D:6      | Gained mutation: You are partially covered in icy blue scales. (AC +2) [mutagenic meat]
  5731 | D:6      | Gained mutation: Your muscles are strong. (Str +2) [mutagenic meat]
  5993 | D:7      | Got a smelly plate armour
  6004 | D:7      | Identified the +4 plate armour of Nireileb {rElec Regen+ Str+6 Stlth-} (You found it on level 7 of the Dungeon)
  6099 | D:7      | Noticed Leszczynek's ghost (novice VSWn)
  6131 | D:7      | Killed Leszczynek's ghost
  6243 | D:7      | Reached **** piety under Trog
  6302 | D:7      | Received a gift from Trog
  6360 | D:7      | Found a stormy altar of Qazlal.
  6430 | D:7      | Found an ancient bone altar of Kikubaaqudgha.
  6459 | D:7      | Reached skill level 1 in Evocations
  6601 | D:7      | Found Zuoghou's Assorted Antiques.
  6706 | D:7      | Reached XP level 10. HP: 80/82 MP: 11/11
  6858 | D:8      | Noticed a two-headed ogre
  6867 | D:8      | Killed a two-headed ogre
  7029 | D:8      | Noticed a two-headed ogre
  7041 | D:8      | Killed a two-headed ogre
  7149 | D:8      | Found an ornate altar of the Wu Jian Council.
  7193 | D:8      | Found a basalt altar of Yredelemnul.
  7229 | D:8      | Reached skill level 5 in Evocations
  7277 | D:8      | Noticed Prince Ribbit
  7294 | D:8      | Found a glowing golden altar of the Shining One.
  7296 | D:8      | Killed Prince Ribbit
  7374 | D:8      | Found a white marble altar of Elyvilon.
  7508 | D:8      | Received a gift from Trog
  7702 | D:9      | Found a hide-covered altar of Uskayaw.
  7704 | D:9      | Noticed a dagger
  7705 | D:9      | Noticed a hand axe
  7728 | D:9      | Reached ***** piety under Trog
  7800 | D:9      | Found a staircase to the Lair.
  7810 | D:9      | Reached XP level 11. HP: 89/89 MP: 15/15
  7930 | D:9      | Received a gift from Trog
  8590 | D:10     | Entered Level 10 of the Dungeon
  8604 | D:10     | Noticed MydosGodOfBeginnings's ghost (novice DgEE)
  8622 | D:10     | Killed MydosGodOfBeginnings's ghost
  8765 | D:10     | Noticed a two-headed ogre
  8773 | D:10     | Killed a two-headed ogre
  9020 | D:10     | Found a bloodstained altar of Trog.
  9314 | D:10     | Noticed a centaur warrior
  9328 | D:10     | Killed a centaur warrior
  9328 | D:10     | Reached skill level 1 in Shields
  9847 | D:11     | Found a white marble altar of Elyvilon.
 10226 | D:11     | Reached XP level 12. HP: 97/97 MP: 17/17
 10386 | D:11     | Noticed Maurice
 10387 | D:11     | Noticed an eight-headed hydra
 10402 | D:11     | Slain by an eight-headed hydra

Vault maps used:
D:1:      saegor_arrival_under_anarchy
D:2:      hangedman_abyss_or_decor_stabs, uniq_robin, uniq_sigmund
D:3:      first_bread
D:4:      kennysheep_big_flooded_room, lemuel_round_altar, kennysheep_mini_moat,
          kennysheep_dice
D:5:      lemuel_coloured_pillars_altar, lemuel_crystal_altar,
          minmay_temple_entry_glass, uniq_menkaure
D:6:      fedhas_altar_decomposition, nrook_pool_corridor
D:7:      cheibrodos_two_vegetables, grunt_qazlal_sundering,
          lemuel_doored_altar, serial_shops, shop
D:8:      kennysheep_ying_yang, lemuel_round_altar, kennysheep_little_box,
          uniq_prince_ribbit1
D:9:      kennysheep_seaside_town, dancing_weapons_uskayaw,
          minmay_lair_entry_grove
D:10:     bloody_trog
D:11:     basic_altar, uniq_maurice

Skill      XL: |  1  2  3  4  5  6  7  8  9 10 11 |
---------------+----------------------------------+-----
Throwing       | 2 4 5 6 7 8 9 |  9.4
Fighting       | 5 6 7 8 9 |  9.6
Armour         | 4 5 6 7 8 9 |  9.4
Long Blades    | 5 6 7 8 9 |  9.5
Dodging        | 4 5 6 7 8 9 |  9.6
Evocations     | 1 6 7 |  7.5
Shields        | 3 |  3.6

Action                   |  1- 3 |  4- 6 |  7- 9 | 10-12 || total
-------------------------+-------+-------+-------+-------++-------
Melee: Falchion          |    76 |   175 |   399 |   143 ||   793
       Bite              |     7 |    21 |    66 |    98 ||   192
       Great sword       |       |       |       |   343 ||   343
Throw: Tomahawk          |       |       |     7 |    10 ||    17
Invok: Berserk           |     1 |     4 |    10 |     6 ||    21
       Trog's Hand       |     1 |       |       |     1 ||     2
       Burn Spellbooks   |       |       |       |     3 ||     3
Evoke: Wand              |       |       |       |     3 ||     3
       Fan of gales      |       |       |       |     1 ||     1
  Use: Scroll            |       |       |       |    18 ||    18
       Potion            |       |       |       |     5 ||     5
  Eat: Chunk             |       |    10 |    23 |    17 ||    50
       Royal jelly       |       |       |     2 |     2 ||     4
Armor: Plate armour      |    54 |    97 |   191 |   330 ||   672
Dodge: Dodged            |    30 |    62 |   145 |   360 ||   597
       Rpst.: Falchion   |    12 |    15 |    40 |    20 ||    87
       Great sword       |       |       |       |    73 ||    73
